 Dungeon Crawl Stone Soup version 0.19.1-28-ge1247f7 (webtiles) character file.

3299 TuxedoFelix the Carver (level 9, -8/89 HPs)
             Began as a Minotaur Fighter on Jan 21, 2017.
             Was a Follower of the Shining One.
             Mangled by a troll (13 damage)
             ... on level 9 of the Dungeon.
             The game lasted 00:37:00 (6371 turns).

TuxedoFelix the Carver (Minotaur Fighter)           Turns: 6371, Time: 00:37:01

Health: -8/89      AC:  9    Str: 29    XL:     9   Next: 70%
Magic:  12/12      EV:  9    Int:  5    God:    the Shining One [*.....]
Gold:   359        SH: 11    Dex: 10    Spells: 0 memorised, 8 levels left

rFire  . . .     SeeInvis .     a - +0 long sword
rCold  + . .     Gourm    .     b - +0 scale mail
rNeg   . . .     Faith    .     c - +0 shield
rPois  .         Spirit   .     (helmet unavailable)
rElec  .         Reflect  .     (no cloak)
rCorr  +         Harm     .     D - +0 pair of gloves
MR     .....                    (no boots)
Stlth  ..........               (no amulet)
                                e - ring of resist corrosion
                                m - ring of protection from cold

@: mighty, glowing
A: retaliatory headbutt, horns 3, deterioration 1, robust 1
a: Renounce Religion


You were on level 9 of the Dungeon.
You worshipped the Shining One.
The Shining One was aware of your devotion.
You were not hungry.

You visited 2 branches of the dungeon, and saw 9 of its levels.

You collected 359 gold pieces.

Inventory:

Hand Weapons
 a - a +0 long sword (weapon)
Missiles
 y - 2 tomahawks (quivered)
Armour
 b - a +0 scale mail (worn)
 c - a +0 shield (worn)
 s - a +0 pair of gloves
 D - a +0 pair of gloves (worn)
Jewellery
 e - a ring of resist corrosion (right hand)
 m - a ring of protection from cold (left hand)
 n - an uncursed ring of flight
Wands
 k - a wand of flame (41/48)
 x - a wand of digging (8/24)
 B - a wand of digging (10/24)
Scrolls
 l - 5 scrolls of remove curse
 p - a scroll of amnesia {unknown}
 q - a scroll of magic mapping
 u - a scroll of enchant armour {unknown}
 v - a scroll of immolation {unknown}
 w - a scroll of fog {unknown}
 A - a scroll of silence {unknown}
Potions
 o - a potion of invisibility
 t - a potion of haste
 C - a potion of beneficial mutation {unknown}
Books
 G - a book of Air

   Spells                             Type                      Level
   a - Shock                          Conjuration/Air              1
   b - Swiftness                      Charms/Air                   2
   c - Repel Missiles                 Charms/Air                   2
   d - Static Discharge               Conjuration/Air              3
   e - Lightning Bolt                 Conjuration/Air              5
Comestibles
 f - a royal jelly
 g - 7 bread rations
 h - 8 slices of pizza
 i - 4 fruits
 j - 2 meat rations
 E - 2 beef jerkies
 F - 3 chunks of flesh


   Skills:
 * Level 8.0 Fighting
 * Level 9.9 Long Blades
 + Level 7.4 Armour
 - Level 2.1 Dodging
 - Level 1.4 Stealth
 - Level 6.2 Shields
 * Level 5.5 Invocations


You had 8 spell levels left.
You didn't know any spells.

Dungeon Overview and Level Annotations

Branches:
Dungeon (9/15)             Temple (1/1) D:7
   Lair: D:8-11         Orc: D:9-12

Altars:
Ashenzari
Dithmenos
Elyvilon
Fedhas
Gozag
Hepliaklqana
Kikubaaqudgha
Makhleb
Nemelex Xobeh
Okawaru
Qazlal
Ru
Sif Muna
Trog
Xom
Yredelemnul
Zin
The Shining One


Innate Abilities, Weirdness & Mutations

You reflexively headbutt those who attack you in melee.
You have a pair of large horns on your head.
Your body sometimes deteriorates upon taking damage.
You are robust. (+10% HP)


Message History

The troll claws you.
* * * LOW HITPOINT WARNING * * *
You barely miss the troll. Your headbutt misses the troll.
You block the troll's attack. x2; The troll closely misses you.
The orc hits you with a war axe.
* * * LOW HITPOINT WARNING * * *
You slice the troll!!
The troll is heavily wounded.
The troll barely misses you. The troll claws you!
* * * LOW HITPOINT WARNING * * *
The troll claws you!
* * * LOW HITPOINT WARNING * * *
The orc hits you with a war axe.
* * * LOW HITPOINT WARNING * * *
Zapping:
x - a wand of digging (will waste charges)
Press: ? - help, Shift-Dir - straight line The rock shatters into small pieces.
Evoking this partially-identified wand wasted a few charges.
The troll bites you!
You die...

#.......#...≈#
########.#.# ..#.≈≈≈#
...)<..#.#.###.#.≈###
######.........#'##
##..........##
#..#........#
#............#
#.####.####T.# #.
.......@## ..
.......#o#
...#.......#o#####..
...._.......y....
.#.......#......y.
......#........ .....
#..##y... ##.## #..#
.#.! ... ..## # .


You could see a troll and 2 orcs.

Vanquished Creatures
  Pikel (D:4)
  A hippogriff (D:9)
  A yak (D:8)
  3 hogs (D:8)
  A human (D:8)
  An ice beast (D:9)
  A slave (D:4)
  A black bear (D:8)
  A phantom (D:8)
  An orc warrior (D:9)
  2 centaurs
  Blork the orc (D:4)
  A bullfrog (D:9)
  A gnoll sergeant (D:8)
  3 scorpions
  4 killer bees (D:9)
  3 wights (D:7)
  4 howler monkeys (D:8)
  3 crimson imps
  3 hounds
  2 jellies
  Jessica (D:2)
  3 orc wizards
  2 worker ants
  4 gnolls (D:8)
  7 adders
  A shadow imp (D:3)
  An adder skeleton (D:4)
  5 worms
  4 dart slugs
  9 leopard geckos
  11 orcs
  6 bats
  7 giant cockroaches
  7 goblins
  8 hobgoblins
  4 jackals (D:1)
  2 quokkas
  2 ball pythons
  9 frilled lizards
  7 kobolds
  A leopard gecko skeleton (D:5)
  A quokka zombie (D:8)
  13 rats
154 creatures vanquished.

Vanquished Creatures (others)
  A slave (D:4)
  A worker ant (D:4)
  Robin (D:4)
  7 goblins (D:4)
  2 hobgoblins (D:4)
  A frilled lizard (D:4)
13 creatures vanquished.

Grand Total: 167 creatures vanquished

Notes
Turn   | Place    | Note
-------+----------+-------------------------------------------
     0 | D:1      | TuxedoFelix the Minotaur Fighter began the quest for the Orb.
     0 | D:1      | Reached XP level 1. HP: 19/19 MP: 0/0
   142 | D:1      | Reached XP level 2. HP: 22/27 MP: 1/1
   715 | D:1      | Reached XP level 3. HP: 32/33 MP: 2/2
  1187 | D:2      | Reached skill level 3 in Long Blades
  1324 | D:2      | Noticed Jessica
  1331 | D:2      | Killed Jessica
  1331 | D:2      | Reached XP level 4. HP: 37/40 MP: 3/3
  2274 | D:3      | Found a shadowy altar of Dithmenos.
  2281 | D:3      | Reached XP level 5. HP: 43/47 MP: 4/4
  2524 | D:3      | Reached skill level 4 in Long Blades
  2653 | D:4      | Noticed Pikel
  2653 | D:4      | Noticed a slave
  2653 | D:4      | Noticed a slave
  2653 | D:4      | Noticed a slave
  2670 | D:4      | Reached skill level 1 in Dodging
  2673 | D:4      | Noticed a slave
  2676 | D:4      | Killed a slave
  2682 | D:4      | Gained mutation: You have a pair of large horns on your head. [potion of mutation]
  2682 | D:4      | Gained mutation: You are robust. (+10% HP) [potion of mutation]
  2682 | D:4      | Gained mutation: Your body sometimes deteriorates upon taking damage. [potion of mutation]
  2683 | D:4      | Killed Pikel
  2683 | D:4      | Reached skill level 5 in Fighting
  2683 | D:4      | Reached skill level 6 in Long Blades
  2683 | D:4      | Reached skill level 5 in Armour
  2683 | D:4      | Reached skill level 1 in Stealth
  2683 | D:4      | Reached skill level 5 in Shields
  2683 | D:4      | Reached XP level 6. HP: 12/61 MP: 5/5
  2683 | D:4      | Reached XP level 7. HP: 13/67 MP: 6/6
  2961 | D:4      | Killed Robin
  2970 | D:4      | Found a sacrificial altar of Ru.
  3015 | D:4      | Noticed Blork the orc
  3032 | D:4      | Killed Blork the orc
  3205 | D:4      | Reached skill level 7 in Long Blades
  3239 | D:4      | Found a hazy altar of Hepliaklqana.
  3415 | D:4      | Noticed a moth of wrath
  3419 | D:4      | Found a bloodstained altar of Trog.
  3631 | D:5      | Entered Level 5 of the Dungeon
  3817 | D:5      | You fall through a shaft for 2 floors!
  3823 | D:7      | Reached XP level 8. HP: 65/74 MP: 7/7
  3854 | D:7      | Found a staircase to the Ecumenical Temple.
  3866 | Temple   | Entered the Ecumenical Temple
  3887 | Temple   | Became a worshipper of the Shining One
  4102 | D:7      | Reached skill level 1 in Invocations
  4731 | D:8      | Reached skill level 8 in Long Blades
  4936 | D:8      | Reached XP level 9. HP: 38/86 MP: 10/10
  4940 | D:8      | Reached skill level 9 in Long Blades
  5287 | D:8      | Found an opulent altar of Gozag.
  5836 | D:8      | Found a faded altar of an unknown god.
  5836 | D:8      | Found a faded altar of an unknown god.
  5844 | D:8      | Found a faded altar of an unknown god.
  5850 | D:8      | Found a basalt altar of Yredelemnul.
  5851 | D:8      | Found a faded altar of an unknown god.
  6221 | D:9      | Reached skill level 5 in Invocations
  6301 | D:9      | Found a burning altar of Makhleb.
  6330 | D:9      | Reached * piety under the Shining One
  6360 | D:9      | Noticed a troll
  6370 | D:9      | HP: 4/89 [orc/war axe (2)]
  6371 | D:9      | Mangled by a troll

Skill      XL: |  1  2  3  4  5  6  7  8  9 |
---------------+----------------------------+-----
Fighting       | 4 5 7 8 |  8.0
Armour         | 4 5 6 7 |  7.4
Shields        | 4 5 6 |  6.2
Long Blades    | 3 6 7 8 9 |  9.9
Dodging        | 1 2 |  2.1
Stealth        | 1 |  1.4
Invocations    | 3 5 |  5.5

Action                   |  1- 3 |  4- 6 |  7- 9 || total
-------------------------+-------+-------+-------++-------
Melee: Long sword        |    92 |    89 |   268 ||   449
       Headbutt          |    10 |    19 |    49 ||    78
Evoke: Wand              |       |       |     1 ||     1
  Use: Scroll            |       |     1 |     4 ||     5
       Potion            |       |     2 |     6 ||     8
  Eat: Chunk             |       |     3 |     5 ||     8
       Bread ration      |       |     1 |       ||     1
       Meat ration       |       |       |     1 ||     1
Armor: Scale mail        |    30 |    33 |    89 ||   152
Dodge: Dodged            |    24 |    38 |    51 ||   113
Block: Shield            |    45 |    41 |   145 ||   231
       Rpst.: Long sword |     4 |    12 |    15 ||    31
